 Dungeon Crawl Stone Soup version 0.26-a0-1060-g086102a3f0 (webtiles) character file.

Game seed: 1621727209840314357

2573 stormannn the Thaumaturge (level 9, -18/45 HPs)
             Began as a Deep Elf Conjurer on Dec 13, 2020.
             Was an Initiate of Vehumet.
             Demolished by Harold
             ... wielding a +2 dire flail of protection
              (27 damage)
             ... on level 7 of the Dungeon.
             The game lasted 00:34:54 (11408 turns).

stormannn the Thaumaturge (Deep Elf Conjurer)      Turns: 11408, Time: 00:34:54

Health: -18/45     AC:  4    Str:  7    XL:     9   Next: 32%
Magic:  12/25      EV: 17    Int: 33    God:    Vehumet [......]
Gold:   357        SH:  0    Dex: 13    Spells: 14/28 levels left

rFire    . . .     SeeInvis .   y - +4 war axe "Wapt" {holy, rC+ Str+3}
rCold    + . .     Faith    .   (no shield)
rNeg     . . .     Spirit   .   a - +0 robe
rPois    .         Reflect  .   z - +0 helmet
rElec    .         Harm     .   (no cloak)
rCorr    .         Rampage  .   f - +0 pair of gloves
Will     .....                  (no boots)
Stlth    +++.......             (no amulet)
HPRegen  0.15/turn              j - ring of stealth
MPRegen  0.19/turn              A - +6 ring of intelligence

@: marked
A: no striking features
a: Renounce Religion


You were on level 7 of the Dungeon.
You worshipped Vehumet.
Vehumet was noncommittal.
You visited 2 branches of the dungeon, and saw 8 of its levels.
You also visited: Ossuary.

You collected 357 gold pieces.

Inventory:

Hand Weapons
 r - a +2 vampiric dagger
 y - the +4 war axe "Wapt" (weapon) {holy, rC+ Str+3}
   (You took it off an orc priest on level 7 of the Dungeon)

   It has been blessed by the Shining One to cause great damage to the undead
   and demons.
   It affects your strength (+3).
   It protects you from cold.
Armour
 a - a +0 robe (worn)
 f - a +0 pair of gloves (worn)
 z - a +0 helmet (worn)
 E - the +6 scale mail the Living Locust {rC++ MP+9}
   (You found it on level 6 of the Dungeon)

   It greatly protects you from cold.
   It affects your magic capacity (+9).
Jewellery
 j - a ring of stealth (left hand)
 n - an uncursed ring of resist corrosion
 A - a +6 ring of intelligence (right hand)
 D - an uncursed ring of protection from fire
Wands
 p - a wand of random effects (12)
 v - a wand of flame (2)
 C - a wand of polymorph (10)
 F - a wand of disintegration (14)
Scrolls
 b - 3 scrolls of teleportation
 c - a scroll of amnesia {unknown}
 e - 2 scrolls of identify
 g - 9 scrolls of remove curse
 k - 2 scrolls of magic mapping {unknown}
 l - 2 scrolls of immolation {unknown}
 x - 2 scrolls of random uselessness {unknown}
 B - a scroll of blinking {unknown}
 H - 3 scrolls of fog {unknown}
Potions
 h - a potion of ambrosia
 i - 6 potions of might
 m - 2 potions of lignification
 o - 3 potions of resistance
 q - a potion of cancellation {unknown}
 s - a potion of berserk rage {unknown}
 u - 2 potions of brilliance {unknown}
 G - a potion of flight {unknown}


   Skills:
 + Level 9.1 Dodging
 - Level 2.4 Stealth
 + Level 10.0 Spellcasting
 + Level 9.2 Conjurations


You had 14 spell levels left.
You knew the following spells:

 Your Spells              Type           Power        Failure   Level
a - Magic Dart            Conj           ####         1%          1
b - Searing Ray           Conj           ######       1%          2
c - Dazzling Flash        Conj/Hex       #####.       1%          3
d - Fulminant Prism       Conj/Hex       #####.....   4%          4
e - Iskenderun's Mystic   Conj/Tloc      #####...     4%          4

Your spell library contained the following spells:

 Spells                   Type           Power        Failure   Level


Dungeon Overview and Level Annotations

Branches:
Dungeon (7/15)             Temple (1/1) D:7         Ossuary (visited)

Altars:
Ashenzari
Cheibriados
Dithmenos
Elyvilon
Fedhas
Gozag
Hepliaklqana
Kikubaaqudgha
Makhleb
Nemelex Xobeh
Okawaru
Qazlal
Ru
Sif Muna
Trog
Uskayaw
Vehumet
Wu Jian
Xom
Yredelemnul
Zin
The Shining One

Shops:
D:4 *

Annotations:
D:7 Harold


Message History

Harold is severely wounded.
Harold throws a throwing net.
The throwing net misses you.
The searing ray misses Harold.
You finish channeling your searing ray.
Harold throws a throwing net.
The throwing net barely misses you.
Casting: Searing Ray (safe; 1% risk of failure)
Confirm with . or Enter, or press ? or * to list all spells.
Aiming: Searing Ray (safe; 1% risk of failure)
Press: ? - help, Shift-Dir - straight line, f/p - Harold
Aim: Harold, wielding a +2 dire flail of protection, wearing a +1 scale mail of poison resistance and carrying a wand of iceblast (4) (severely wounded, 10% to evade)
The searing ray hits Harold!
Harold is severely wounded. (Press . to maintain the ray.) Harold says, "Do you have any idea what people are willing to pay to have you killed, stormannn?"
Harold fires a harpoon shot at you. The harpoon shot hits you!!
* * * LOW HITPOINT WARNING * * *
You are yanked forward by the harpoon shot.
Harold hits you with a +2 dire flail of protection!!
Ouch! That really hurt!
You die...

......###....###
...........#... ...
..###.....###.. ...
..# ####.## #.. ..#
..# #..# #.# ..#
..# #..# #.# ..#
..# #..# #.## ..#
..## #..#
##..###.(## ...#
##..###...#@..(.#
...#
#.........@.###...#
...###.....###..##
... ...##......#
#..# . .....).....#
#..# ..#.......##
#..#
###).......###...
##............#..
#...........#####


You could see Harold.

Vanquished Creatures
  Sigmund (D:3)
  Edmund (D:5)
  An orc warrior (D:7)
  4 sky beasts
  3 ogres
  A necrophage (D:7)
  3 centaurs
  4 bullfrogs
  Blork the orc (D:6)
  A gnoll sergeant (D:7)
  4 wights
  2 howler monkeys (D:7)
  A centaur zombie (Ossuary)
  An orc priest (D:7)
  3 hounds
  2 bullfrog skeletons (D:5)
  A jelly (D:7)
  An orc wizard (D:7)
  Ijyb (D:5)
  2 iguanas
  4 worker ants
  3 gnolls (D:7)
  4 adders
  2 ufetubi
  2 adder skeletons
  2 worms
  2 dart slugs
  5 leopard geckos
  9 orcs
  6 ball pythons
  2 giant cockroaches
  11 hobgoblins
  7 jackals
  16 kobolds
  5 quokkas
  11 bats
  6 frilled lizards
  10 goblins
  5 hobgoblin zombies (Ossuary)
  7 kobold zombies (Ossuary)
  9 orc zombies (Ossuary)
  A quokka zombie (D:5)
  7 rats
  A rat zombie (Ossuary)
175 creatures vanquished.

Vanquished Creatures (others)
  A fulminant prism (D:7)
  13 plants (D:3)
14 creatures vanquished.

Grand Total: 189 creatures vanquished

Notes
Turn   | Place    | Note
-------+----------+-------------------------------------------
     0 | D:1      | stormannn the Deep Elf Conjurer began the quest for the
                  | Orb.
     0 | D:1      | Reached XP level 1. HP: 10/10 MP: 6/6
   131 | D:1      | Reached XP level 2. HP: 11/15 MP: 2/8
   693 | D:1      | Reached XP level 3. HP: 17/19 MP: 0/10
   696 | D:1      | Learned a level 2 spell: Searing Ray
  1650 | D:2      | Reached skill level 4 in Spellcasting
  1650 | D:2      | Reached skill level 5 in Conjurations
  1650 | D:2      | Reached XP level 4. HP: 24/24 MP: 8/12
  1854 | D:2      | Found a bloodstained altar of Trog.
  2514 | D:2      | Reached XP level 5. HP: 28/28 MP: 8/14
  2703 | D:2      | Learned a level 3 spell: Dazzling Flash
  2706 | D:3      | Noticed Sigmund
  3163 | D:3      | Killed Sigmund
  3164 | D:3      | Reached skill level 5 in Spellcasting
  3164 | D:3      | Reached XP level 6. HP: 27/32 MP: 7/16
  3394 | D:3      | Reached skill level 5 in Dodging
  3544 | D:3      | Lost strength.
  3695 | D:3      | Found a hazy altar of Hepliaklqana.
  4484 | D:4      | Found a sand-covered staircase.
  4600 | Ossuary  | Entered an ossuary
  5435 | D:4      | Found Docajun's General Store.
  5986 | D:5      | Entered Level 5 of the Dungeon
  6099 | D:5      | Noticed a sky beast
  6100 | D:5      | Reached skill level 6 in Spellcasting
  6144 | D:5      | Killed a sky beast
  6145 | D:5      | Reached XP level 7. HP: 36/36 MP: 10/18
  6281 | D:5      | Noticed Ijyb
  6293 | D:5      | Killed Ijyb
  6546 | D:5      | Noticed Edmund
  6892 | D:5      | Reached skill level 7 in Spellcasting
  7371 | D:5      | Found an ancient bone altar of Kikubaaqudgha.
  7479 | D:5      | Found a glowing golden altar of the Shining One.
  7479 | D:5      | Found an ornate altar of the Wu Jian Council.
  7597 | D:5      | Killed Edmund
  7598 | D:5      | Reached XP level 8. HP: 41/41 MP: 19/21
  7847 | D:6      | Noticed Blork the orc
  7859 | D:5      | Found a broken altar of Ashenzari.
  8226 | D:6      | Killed Blork the orc
  8287 | D:6      | Learned a level 4 spell: Fulminant Prism
  8292 | D:6      | Learned a level 4 spell: Iskenderun's Mystic Blast
  8322 | D:6      | Reached skill level 8 in Spellcasting
  9187 | D:6      | Got a bronze scale mail
  9188 | D:6      | Identified the +6 scale mail the Living Locust {rC++ MP+9}
                  | (You found it on level 6 of the Dungeon)
  9279 | D:7      | Reached skill level 9 in Spellcasting
 10089 | D:7      | Found a staircase to the Ecumenical Temple.
 10104 | D:7      | Reached XP level 9. HP: 45/45 MP: 15/24
 10292 | D:7      | Noticed Harold
 10487 | Temple   | Entered the Ecumenical Temple
 10607 | Temple   | Became a worshipper of Vehumet
 10908 | D:7      | Identified the +4 war axe "Wapt" {holy, rC+ Str+3}
 11276 | D:7      | HP: 2/45 [orc warrior/boomerang (11)]
 11345 | D:7      | Reached skill level 10 in Spellcasting
 11408 | D:7      | Demolished by Harold

Illustrated notes

Levels and vault maps discovered:
D:1:      lemuel_arrival_hallway, layout_loops_ring, minmay_vboxes
D:2:      layout_basic, bloody_trog, minmay_misc_feat_ornament,
          minmay_quadrilaterals
D:3:      layout_loops_ring, lemuel_doored_altar, serial_forest,
          infiniplex_forest_corner_1, infiniplex_forest_lined_2,
          infiniplex_forest_clump_curved, infiniplex_forest_straight_2,
          infiniplex_forest_clump_large, infiniplex_forest_end_double,
          infiniplex_forest_end_1, uniq_sigmund
D:4:      mumra_celtic_spiral_tile, layout_rooms, enter_ossuary_5,
          serial_rivers, chequers_serial_rivers_large_a,
          chequers_serial_rivers_small_b, chequers_serial_rivers_small_3,
          chequers_serial_rivers_micro_a, chequers_serial_rivers_room_b,
          chequers_serial_rivers_micro_a, serial_shops,
          nicolae_shop_temple_entry_statues_fountains
D:5:      layout_rooms, nicolae_overflow_hidden_temple,
          overflow_temple_1_default, uniq_ijyb, uniq_edmund
D:6:      layout_basic, uniq_blork_the_orc
D:7:      layout_layer_cave, minmay_temple_entry_arrows, uniq_harold
Temple:   compressed_dpeg_circular_temple

Skill      XL: |  1  2  3  4  5  6  7  8  9 |
---------------+----------------------------+-----
Dodging        | 3 4 5 6 8 9 |  9.1
Spellcasting   | 4 5 6 7 9 10 | 10.0
Conjurations   | 5 6 7 8 9 |  9.2
Stealth        | |  2.4

Action                   |  1- 3 |  4- 6 |  7- 9 || total
-------------------------+-------+-------+-------++-------
Melee: Unarmed           |       |     2 |       ||     2
       Dagger            |       |     3 |     1 ||     4
 Cast: Magic Dart        |    71 |   218 |   162 ||   451
       Searing Ray       |       |     5 |    33 ||    38
       Dazzling Flash    |       |       |     4 ||     4
       Fulminant Prism   |       |       |     1 ||     1
Evoke: Wand              |       |       |    15 ||    15
  Use: Scroll            |       |     4 |     4 ||     8
       Potion            |       |     2 |     7 ||     9
Armor: Robe              |     1 |     1 |     5 ||     7
       Skin              |       |       |     2 ||     2
Dodge: Dodged            |     6 |    34 |    46 ||    86

Table legend: (Time is in decaauts)
 A = Elapsed time spent in this place.
 B = Non-inter-level travel time spent in this place.
 C = Inter-level travel time spent in this place.
 D = Time resting spent in this place.
 E = Time spent auto-exploring this place.
 F = Levels seen in this place.
 G = Mean time per level.
                   A        B        C        D        E       F      G
               +--------+--------+--------+--------+--------+-----+--------+
         Total |  11529 |  10881 |    648 |   3783 |   5758 |   9 | 1281.0 |
       Dungeon |  10746 |  10130 |    616 |   3548 |   5482 |   7 | 1535.1 |
        Temple |    228 |    196 |     32 |    100 |     87 |   1 |  228.0 |
       Ossuary |    553 |    553 |      0 |    135 |    189 |   1 |  553.0 |
               +--------+--------+--------+--------+--------+-----+--------+

Top non-repeatable levels by time:
     D:5: 1986 daAuts
     D:4: 1667 daAuts
     D:6: 1659 daAuts
     D:1: 1495 daAuts
     D:2: 1345 daAuts
     D:7: 1337 daAuts
     D:3: 1255 daAuts
 Ossuary: 553 daAuts
  Temple: 228 daAuts
